Map: Lightshade LE

Players

jheffe

  • Race: Terran Terran
  • League: Master
  • Spawn Location: 11:00

TLO - Winner!

  • Race: Zerg Zerg
  • League: Master
  • Spawn Location: 5:00

Event: DreamHack SC2 Masters 2020 Winter

VOD

Have the link to the VOD?

Description

Time

  • Played on: Oct. 15, 2020, 8:05 p.m.
  • Length: 14:21

All games in this series

Show
View Real Time Build Order
Export as new Build Order

jheffe Terran 

Build Orders: Reaper Expand, Banshee Rush 

Get SALT Encoding   

  12  0:00  SCV  
  13  0:12  SCV  
  14  0:17  Supply Depot  
  14  0:24  SCV  
  15  0:39  SCV  
  15  0:40  Barracks  
  16  0:45  Refinery  
  16  0:51  SCV  
  17  1:03  SCV  
  18  1:18  SCV  
  19  1:28  Reaper  
  19  1:31  Orbital Command  
  20  1:39  Command Center  
  20  1:47  Supply Depot  
  20  1:57  SCV  
  20  2:00  Marine  
  22  2:09  Factory, SCV  
  22  2:14  Refinery  
  23  2:21  SCV  
  23  2:22  Barracks Reactor  
  24  2:33  SCV  
  25  2:45  SCV  
  25  2:53  Starport  
  25  2:54  Orbital Command  
  25  2:57  SCV  
  26  3:03  Barracks Tech Lab  
  26  3:05  Hellion x2  
  30  3:10  SCV, Supply Depot  
  31  3:21  SCV  
  31  3:22  SCV  
  31  3:26  Hellion  
  35  3:33  Barracks Tech Lab, SCV  
  36  3:35  Cloaking Field  
  36  3:37  Banshee  
  36  3:40  SCV  
  40  3:46  SCV  
  40  3:47  Hellion  
  43  3:50  Hellion  
  43  3:52  SCV  
  46  3:56  Supply Depot  
  46  3:58  SCV  
  47  4:04  SCV  
  48  4:10  SCV  
  48  4:17  SCV  
  50  4:19  Command Center  
  50  4:20  Supply Depot  
  50  4:21  Banshee  
  50  4:22  SCV  
  54  4:29  SCV  
  55  4:34  SCV  
  55  4:36  Stimpack  
  56  4:39  Barracks  
  56  4:40  Barracks  
  56  4:41  SCV  
  56  4:43  Factory Reactor  
  57  4:47  SCV  
  58  4:53  SCV  
  58  4:56  Engineering Bay x2  
  58  4:59  SCV  
  60  5:01  Marine  
  60  5:05  SCV  
  62  5:10  Refinery, Starport Reactor  
  62  5:11  SCV, Refinery  
  63  5:17  SCV  
  64  5:23  SCV  
  64  5:24  Supply Depot  
  64  5:25  Terran Infantry Armor Level 1, Terran Infantry Weapons Level 1  
  65  5:29  SCV  
  65  5:32  Orbital Command  
  65  5:33  Marine x2  
  65  5:35  SCV, Marine  
  69  5:36  Marine x2  
  69  5:41  SCV  
  73  5:47  Siege Tank  
  73  5:48  SCV  
  77  5:51  Marine x2  
  77  5:52  Medivac x2  
  83  6:00  SCV, Orbital Command, Marine x2  
  83  6:02  SCV  
  84  6:06  Marine  
  85  6:12  SCV  
  85  6:14  SCV  
  85  6:15  Marine x2  
  85  6:18  Armory, Marine x2  
  89  6:19  Supply Depot  
  89  6:24  Marine, SCV  
  90  6:26  SCV  
  90  6:32  Combat Shield  
  91  6:33  Marine x2  
  91  6:34  Siege Tank  
  91  6:36  Marine x2, SCV  
  99  6:45  SCV x2  
  101  6:48  SCV  
  101  6:49  Supply Depot x2, Marine  
  101  6:50  Supply Depot, Marine  
  101  6:53  Barracks  
  101  6:54  Marine x2, Barracks  
  104  6:55  Refinery  
  104  6:57  Marine, SCV x2  
  109  7:08  Supply Depot x2  
  109  7:10  Supply Depot, Marine, Medivac x2  
  109  7:11  SCV x2  
  116  7:23  Marine x4  
  120  7:36  Marine  
  118  7:40  Medivac x2  
  118  7:41  Marine x3  
  120  7:47  SCV x2  
  120  7:50  SCV  
  122  7:54  Barracks Reactor x2  
  122  7:57  Factory  
  117  7:59  SCV  
  117  8:01  Factory Reactor  
  95  8:26  Marine x5  
  93  8:27  Terran Infantry Armor Level 2, Terran Infantry Weapons Level 2  
  93  8:28  Missile Turret  
  93  8:30  Missile Turret  
  93  8:33  Marine x4  
  97  8:36  Medivac x2  
  97  8:40  Thor  
  97  8:41  Widow Mine x2  
  111  8:43  Marine  
  111  8:44  Marine x2  
  111  8:45  Marine  
  111  8:46  Marine  
  116  8:51  Marine  
  116  8:52  Missile Turret  
  116  8:53  Bunker  
  116  8:54  Marine x3, Drilling Claws  
  120  8:58  Command Center  
  120  9:01  Marine  
  120  9:02  Marine x2  
  123  9:03  Marine  
  120  9:10  Missile Turret  
  120  9:12  Marine x4  
  120  9:14  Marine  
  125  9:38  Marine x7, SCV x3  
  133  9:39  Supply Depot x2  
  135  9:50  SCV x3  
  135  9:51  Marine x2  
  135  9:52  Barracks  
  140  9:54  Supply Depot, Missile Turret  
  140  9:55  Barracks  
  140  9:56  Supply Depot x2  
  140  9:57  Supply Depot, Barracks  
  140  10:02  Thor, Widow Mine x2, SCV x2  
  140  10:03  Medivac x2  
  140  10:04  Marine  
  157  10:08  Supply Depot x2  
  157  10:10  Marine x5  
  157  10:11  Sensor Tower  
  162  10:19  Marine x3  
  165  10:22  Marine  
  165  10:28  Marine  
  167  10:35  Marine  
  151  10:37  Marine x6  
  151  10:39  Medivac x2  
  153  10:47  Thor  
  159  10:50  Barracks Tech Lab x2  
  159  10:51  Barracks Tech Lab  
  159  10:53  Missile Turret  
  159  11:02  Terran Infantry Armor Level 3, Terran Infantry Weapons Level 3  
  159  11:12  Planetary Fortress  
  159  11:13  SCV x3  
  159  11:14  Missile Turret  
  159  11:16  Marauder x2  
  159  11:18  Marauder, Marine  
  169  11:25  SCV x3  
  171  11:37  SCV x2  
  173  11:50  Marine x3  
  173  11:51  Marine x2  
  173  11:52  Marine x6  
  183  11:55  Widow Mine  
  178  12:01  Marauder  
  177  12:09  Missile Turret  
  177  12:11  Marauder x2, Command Center  
  168  12:32  Marine x10  
  168  12:33  Marauder x2  
  172  12:51  Marauder  
  152  12:52  Widow Mine x2  
  142  13:05  Medivac x2  
  142  13:06  Widow Mine, Marine x4  
  142  13:07  Marauder  
  154  13:13  Widow Mine  
  154  13:14  Orbital Command  
  154  13:16  Marine x2, Marauder  
  154  13:17  Widow Mine  
  154  13:18  SCV x2  
  164  13:30  SCV  
  164  13:32  Widow Mine  
  167  13:35  Widow Mine, Medivac x2  
  167  13:40  Marine x2  
  167  13:41  Marauder x2  
  121  13:59  Marine, Marauder x2  
Show
View Real Time Build Order
Export as new Build Order

TLO Zerg - Winner!

Build Orders: Hatch First, Muta Ling Bane 

Get SALT Encoding   

  12  0:00  Drone  
  13  0:12  Overlord  
  13  0:17  Drone  
  14  0:30  Drone  
  14  0:31  Drone  
  16  0:47  Hatchery  
  15  0:51  Drone  
  15  0:54  Drone  
  17  0:57  Drone  
  17  1:01  Extractor  
  17  1:13  Spawning Pool  
  17  1:16  Drone  
  17  1:20  Drone  
  18  1:27  Drone  
  19  1:39  Drone  
  20  1:49  Overlord  
  20  2:00  Queen x2  
  24  2:01  Metabolic Boost  
  24  2:05  Zergling x2  
  24  2:07  Zergling x2  
  26  2:11  Drone  
  26  2:14  Drone  
  28  2:21  Drone  
  29  2:23  Drone  
  30  2:36  Hatchery  
  29  2:40  Drone  
  30  2:46  Queen  
  30  2:49  Overlord  
  32  2:54  Drone x2  
  32  2:58  Drone  
  35  3:01  Overlord  
  35  3:05  Drone  
  36  3:08  Drone  
  36  3:11  Drone  
  38  3:13  Drone x2  
  38  3:16  Drone  
  38  3:19  Drone  
  42  3:23  Queen  
  44  3:28  Drone  
  44  3:31  Queen  
  47  3:36  Overlord  
  47  3:41  Drone  
  47  3:43  Drone  
  47  3:45  Overlord  
  48  3:48  Zergling x4  
  48  3:50  Drone  
  48  3:54  Queen  
  53  3:57  Zergling x2  
  53  3:58  Drone  
  53  4:00  Drone  
  53  4:01  Drone  
  57  4:03  Zergling x2  
  57  4:06  Zergling x2  
  57  4:08  Drone  
  60  4:11  Queen  
  60  4:13  Drone  
  63  4:17  Overlord  
  63  4:19  Overlord  
  63  4:21  Overlord  
  63  4:24  Drone  
  63  4:25  Drone  
  63  4:29  Spore Crawler  
  64  4:35  Drone, Spore Crawler  
  64  4:36  Spore Crawler  
  64  4:37  Drone, Spore Crawler  
  64  4:38  Drone  
  64  4:44  Drone  
  65  4:46  Drone  
  65  4:50  Drone  
  65  4:52  Drone x3  
  70  4:57  Lair, Drone  
  70  4:59  Drone  
  72  5:02  Drone x2  
  72  5:03  Drone  
  72  5:04  Extractor  
  72  5:05  Drone, Extractor  
  72  5:06  Extractor  
  73  5:08  Drone  
  73  5:09  Drone x2  
  73  5:10  Drone  
  73  5:11  Drone  
  73  5:12  Drone  
  73  5:13  Drone, Extractor x2  
  78  5:16  Drone  
  78  5:19  Baneling Nest  
  78  5:20  Drone, Zergling x2  
  80  5:22  Drone  
  80  5:24  Drone x2  
  80  5:26  Zergling x2  
  84  5:28  Drone  
  84  5:30  Drone  
  84  5:32  Drone  
  84  5:33  Drone x2  
  89  5:41  Overlord  
  89  5:45  Overlord  
  89  5:46  Overlord  
  88  5:53  Drone  
  88  5:54  Drone  
  88  5:56  Drone  
  88  5:58  Drone  
  88  6:00  Evolution Chamber x2, Overseer  
  88  6:03  Drone x2  
  89  6:05  Spire  
  89  6:07  Centrifical Hooks  
  89  6:08  Drone  
  89  6:09  Drone x2  
  91  6:13  Drone  
  91  6:15  Drone  
  91  6:16  Zergling x2  
  94  6:19  Zergling x2  
  94  6:20  Zergling x2  
  94  6:21  Zergling x2  
  94  6:25  Zergling x2, Overlord  
  97  6:27  Hatchery  
  97  6:28  Zergling x2  
  97  6:31  Drone x2  
  98  6:33  Zergling x4  
  98  6:34  Zerg Ground Armor Level 1  
  98  6:35  Zerg Melee Weapons Level 1  
  100  6:53  Baneling x7  
  99  6:55  Zergling x2  
  99  6:57  Zergling x4  
  99  6:58  Extractor  
  99  6:59  Drone x3  
  99  7:00  Zergling x18  
  99  7:01  Extractor, Zergling x2  
  112  7:05  Pneumatized Carapace  
  112  7:07  Drone  
  114  7:08  Baneling  
  114  7:13  Overlord x2  
  114  7:19  Extractor  
  114  7:20  Zerg Flyer Weapons Level 1  
  112  7:22  Mutalisk  
  112  7:23  Mutalisk x4  
  112  7:26  Mutalisk  
  112  7:29  Mutalisk  
  119  7:33  Drone x5  
  119  7:37  Mutalisk  
  118  7:39  Drone  
  118  7:40  Drone  
  118  7:41  Drone  
  121  7:45  Mutalisk  
  121  7:48  Zergling x2  
  121  7:49  Zergling x4  
  121  7:50  Zergling x2  
  121  7:51  Mutalisk  
  121  7:55  Mutalisk  
  122  8:00  Drone  
  122  8:01  Overlord  
  122  8:02  Drone  
  122  8:04  Infestation Pit  
  122  8:05  Mutalisk  
  123  8:06  Extractor  
  120  8:14  Mutalisk  
  120  8:17  Mutalisk  
  117  8:21  Drone  
  117  8:23  Zergling x2  
  117  8:24  Mutalisk  
  115  8:31  Drone  
  116  8:40  Overlord  
  115  8:42  Zerg Ground Armor Level 2  
  115  8:46  Hatchery  
  114  8:49  Overlord  
  114  8:50  Queen  
  114  8:51  Zerg Melee Weapons Level 2  
  114  8:55  Overlord  
  118  8:56  Drone  
  118  8:58  Mutalisk, Hydralisk Den  
  120  9:05  Zergling x2  
  120  9:07  Baneling x8  
  119  9:11  Zergling x2  
  119  9:14  Hive  
  119  9:15  Drone x2  
  119  9:16  Drone x7  
  119  9:17  Zergling x2  
  128  9:19  Zergling x2  
  128  9:21  Overseer  
  129  9:27  Grooved Spines  
  129  9:30  Overlord  
  129  9:31  Hydralisk  
  129  9:33  Swarm Host, Hydralisk  
  132  9:41  Overseer  
  132  9:42  Hydralisk x2  
  136  9:45  Hydralisk  
  136  9:46  Hydralisk  
  136  9:49  Baneling  
  136  9:50  Baneling  
  136  9:51  Hydralisk  
  142  9:54  Hydralisk  
  142  9:57  Zergling x2  
  142  9:58  Hydralisk  
  147  10:13  Zergling x30  
  162  10:16  Baneling x7  
  162  10:23  Zergling x12  
  168  10:30  Ultralisk Cavern  
  162  10:36  Zergling x4  
  162  10:37  Zergling x4  
  162  10:38  Zergling x2  
  162  10:39  Zergling x2  
  162  10:40  Zergling x4  
  168  10:43  Overlord  
  168  10:48  Adrenal Glands  
  165  10:59  Hatchery  
  165  11:02  Zerg Ground Armor Level 3  
  163  11:05  Baneling  
  163  11:06  Baneling x7  
  163  11:12  Zerg Melee Weapons Level 3  
  163  11:22  Chitinous Plating  
  163  11:23  Ultralisk  
  169  11:26  Hatchery  
  169  11:27  Ultralisk  
  169  11:31  Zergling x2  
  172  11:42  Muscular Augments  
  172  11:46  Overlord  
  171  11:47  Overlord  
  171  11:52  Overlord  
  171  11:56  Overlord  
  171  11:57  Overlord  
  170  12:09  Evolution Chamber  
  170  12:11  Overlord x4  
  170  12:12  Ultralisk  
  170  12:14  Overseer, Overlord  
  175  12:17  Hydralisk  
  175  12:20  Ultralisk  
  175  12:21  Ultralisk  
  189  12:29  Ultralisk  
  188  12:30  Ultralisk  
  188  12:31  Drone  
  188  12:35  Zergling x4  
  185  12:40  Anabolic Synthesis  
  185  12:47  Ultralisk  
  185  12:49  Ultralisk  
  185  12:51  Zergling x2  
  185  13:01  Infestor  
  179  13:10  Pathogen Glands, Hydralisk  
  179  13:11  Hydralisk  
  183  13:16  Hydralisk  
  183  13:17  Hydralisk  
  183  13:18  Zergling x4  
  189  13:22  Baneling x4  
  189  13:35  Hatchery  
  183  13:41  Zergling x2  
  173  13:49  Zergling x2  
  175  13:57  Zergling x4  
  175  14:01  Zergling x2  
  175  14:02  Zergling x4  
  180  14:03  Zergling x4  
Tags
 
Add a new tag
Caveats
  • Supply blocks, unpowered buildings, or Contaminate may cause inaccurate times.
  • Supply counts are checked every 10 seconds.